AoeStats
← Hijo de Putin

Arena

505693292Analyzed
1v1 RM · 22d ago on Sep 10, 2026· 105m 18s· 2 players
Game mode
Random Map
Map size
Tiny (2 player)
Population
200
Speed
Normal
Resources
Standard
Victory
Conquest
Starting age
Dark Age
Ending age
Imperial Age
RankedLock teamsTeams togetherTeam positionsShared explorationLock speedFull tech treeHidden civsTurbo modeCheats
Victory
Defeat
🇬🇧 Persians · United Kingdom
911
+17
🇪🇸 Magyars · Spain
930
-17
Gila9x
10:41 Feudal Age
15:21 Castle Age
13:29 Double-Bit Axe
14:44 Gold Mining
14:39 Horse Collar
17:24 Loom
23:53 Pikeman
25:43 Scale Mail Armor
26:56 Wheelbarrow
31:18 Gold Shaft Mining
31:04 Chain Mail Armor
35:47 Imperial Age
33:31 Scale Barding Armor
33:37 Forging
34:03 Bloodlines
35:11 Stone Mining
36:54 Chain Barding Armor
37:10 Iron Casting
38:45 Capped Ram
40:19 Fletching
40:31 Padded Archer Armor
41:08 Plate Barding Armor
41:47 Elite Skirmisher
42:29 Bodkin Arrow
43:46 Chemistry
43:22 Ballistics
43:19 Heavy Camel Rider
44:41 Bow Saw
47:35 Blast Furnace
46:52 Leather Archer Armor
46:24 Halberdier
53:58 Ring Archer Armor
53:50 Squires
55:16 Hand Cart
54:54 Heavy Scorpion
60:15 Thumb Ring
65:04 Plate Mail Armor
68:36 Two-Man Saw
69:00 Kamandaran
68:38 Crossbowman
70:02 Conscription
85:10 Heavy Plow
90:27 Town Watch
90:39 Siege Ram
Hijo de Putin
11:09 Feudal Age
15:42 Castle Age
15:25 Horse Collar
15:33 Double-Bit Axe
18:23 Town Watch
18:25 Loom
18:04 Light Cavalry
18:55 Bloodlines
24:37 Gold Mining
24:39 Stone Mining
25:01 Bow Saw
28:43 Town Patrol
29:21 Wheelbarrow
33:19 Ballistics
33:10 Masonry
33:50 Husbandry
37:42 Imperial Age
36:28 Thumb Ring
36:19 Fletching
36:29 Padded Archer Armor
38:49 Parthian Tactics
38:29 Recurve Bow
38:51 Conscription
39:35 Hand Cart
41:22 Chemistry
40:42 Bodkin Arrow
41:02 Leather Archer Armor
42:52 Hussar
44:07 Ring Archer Armor
43:37 Bracer
44:03 Heavy Plow
45:07 Two-Man Saw
44:46 Gold Shaft Mining
45:42 Siege Engineers
45:22 Treadmill Crane
45:11 Heavy Cavalry Archer
46:31 Scale Barding Armor
47:39 Murder Holes
50:28 Chain Barding Armor
53:37 Crop Rotation
69:28 Plate Barding Armor
90:23 Hoardings
89:10 Elite Magyar Huszar
89:54 Corvinian Army
89:25 Sappers
102:06 Scale Mail Armor
Connection lost

Rejoining the realm…

Still unreachable

The connection could not be restored.

Session expired

The server has moved on; the page needs a fresh start.